 Dungeon Crawl Stone Soup version 0.20.2-3-g29329e0561 (webtiles) character file.

380 Alfie the Covered (level 6, -6/55 HPs)
             Began as a Hill Orc Fighter on Aug 30, 2023.
             Mangled by an ogre
             ... wielding a +0 giant club
              (18 damage)
             ... on level 4 of the Dungeon.
             The game lasted 00:05:50 (2154 turns).

Alfie the Covered (Hill Orc Fighter)                Turns: 2154, Time: 00:05:51

Health: -6/55      AC:  8    Str: 21    XL:     6   Next: 75%
Magic:  6/6        EV:  8    Int:  8    God:
Gold:   158        SH: 10    Dex: 10    Spells: 3/5 levels left

rFire    . . .     SeeInvis .   a - +0 rapier
rCold    . . .     Gourm    .   c - +1 shield
rNeg     . . .     Faith    .   b - +1 scale mail
rPois    .         Spirit   .   (no helmet)
rElec    .         Reflect  .   (no cloak)
rCorr    .         Harm     .   (no gloves)
MR       .....                  (no boots)
Stlth    ..........             (no amulet)
Regen    0.2/turn               (no ring)
MPRegen  0.1/turn               (no ring)

@: no status effects
A: no striking features
a: no special abilities


You were on level 4 of the Dungeon.
You were not hungry.

You visited 1 branch of the dungeon, and saw 4 of its levels.

You collected 158 gold pieces.

Inventory:

Hand Weapons
 a - a +0 rapier (weapon)
Armour
 b - a +1 scale mail (worn)
 c - a +1 shield (worn)
 r - a +0 helmet
Wands
 n - a wand of random effects (24/48)
Scrolls
 h - a scroll of magic mapping {unknown}
 j - a scroll of fear {unknown}
 k - a scroll of identify
 p - a scroll of noise {unknown}
 q - a scroll of fog {unknown}
Potions
 d - a potion of mutation {unknown}
 e - a potion of agility {unknown}
 g - 2 potions of haste {unknown}
 l - 3 potions of curing
 m - a potion of resistance {unknown}
 o - 2 potions of heal wounds {unknown}
Comestibles
 i - a meat ration


   Skills:
 + Level 4.8 Fighting
 + Level 4.0 Short Blades
 + Level 4.9 Armour
 + Level 1.5 Dodging
 + Level 4.4 Shields


You had 3 spell levels left.
You knew the following spells:

 Your Spells              Type           Power        Failure   Level  Hunger
a - Animate Skeleton      Necr           N/A          99%         1    ##.....
b - Confusing Touch       Hex            #.....       99%         1    ##.....


Dungeon Overview and Level Annotations

Branches:
Dungeon (4/15)
 Temple: D:4-7

Altars:
Kikubaaqudgha
Yredelemnul

Shops:
D:4 (

Annotations:
D:4 Duvessa


Message History

Duvessa hits you with a short sword.
You hit Duvessa but do no damage.
Duvessa is moderately wounded.
Duvessa hits you with a short sword. The ogre hits you with a giant club!
You block Duvessa's attack.
You hit Duvessa.
Duvessa is moderately wounded.
Duvessa hits you but does no damage. You block the ogre's attack.
You hit Duvessa.
Duvessa is moderately wounded.
Duvessa hits you with a short sword!
* * * LOW HITPOINT WARNING * * *
You block Duvessa's attack.
You closely miss Duvessa.
Duvessa is moderately wounded.
You block Duvessa's attack. You block the ogre's attack.
You hit Duvessa but do no damage.
Duvessa is moderately wounded.
You block Duvessa's attack. The ogre hits you with a giant club!!
You die...

.#### ###### ######
.....######### .....#
####.........#####.....#
#########...........#
###.........#
#.#.......# ##.#.......#
#...@###.### #...eO...#
#.........##
#...........
..............#
.............##
..<.........##
..#.........#


You could see Duvessa (berserk) and an ogre.

Vanquished Creatures
  Sigmund (D:2)
  Dowan (D:4)
  A howler monkey (D:4)
  An orc priest (D:3)
  A hound (D:4)
  2 adders
  A worm (D:2)
  A leopard gecko (D:2)
  8 orcs (D:3)
  A ball python (D:1)
  2 giant cockroaches
  4 goblins
  3 hobgoblins
  5 kobolds
  A quokka (D:2)
  7 bats
  2 frilled lizards
  3 rats
  A rat zombie (D:3)
46 creatures vanquished.

Notes
Turn   | Place    | Note
-------+----------+-------------------------------------------
     0 | D:1      | Alfie the Hill Orc Fighter began the quest for the Orb.
     0 | D:1      | Reached XP level 1. HP: 19/19 MP: 1/1
   110 | D:1      | Reached XP level 2. HP: 24/27 MP: 2/2
   650 | D:2      | Learned a level 1 spell: Animate Skeleton
   755 | D:2      | Reached XP level 3. HP: 33/33 MP: 3/3
   758 | D:2      | Learned a level 1 spell: Confusing Touch
   820 | D:2      | Noticed Sigmund
   828 | D:2      | Killed Sigmund
   828 | D:2      | Reached skill level 1 in Dodging
   828 | D:2      | Reached XP level 4. HP: 31/41 MP: 4/4
   828 | D:2      | Reached XP level 5. HP: 36/47 MP: 5/5
   893 | D:2      | Found a basalt altar of Yredelemnul.
  1500 | D:3      | Reached XP level 6. HP: 9/53 MP: 6/6
  1879 | D:3      | Found an ancient bone altar of Kikubaaqudgha.
  2084 | D:4      | Noticed Dowan
  2098 | D:4      | Killed Dowan
  2120 | D:4      | Found Itutue's Weapon Shop.
  2145 | D:4      | Noticed Duvessa
  2154 | D:4      | Mangled by an ogre

Skill      XL: |  1  2  3  4  5  6 |
---------------+-------------------+-----
Fighting       | 4 |  4.8
Short Blades   | 3 4 |  4.0
Armour         | 4 |  4.9
Dodging        | 1 |  1.5
Shields        | 4 |  4.4

Action                   |  1- 3 |  4- 6 || total
-------------------------+-------+-------++-------
Melee: Rapier            |   107 |    96 ||   203
  Use: Scroll            |     1 |     3 ||     4
       Potion            |     1 |       ||     1
  Eat: Fruit             |       |     4 ||     4
       Bread ration      |       |     1 ||     1
Armor: Scale mail        |    60 |    25 ||    85
Dodge: Dodged            |    34 |    15 ||    49
Block: Shield            |    62 |    43 ||   105
